 Dungeon Crawl Stone Soup version 0.25-a0-1002-gbcf8c60d55 (webtiles) character file.

Game seed: 9596439964983380956, levelgen mode: classic

73151 EnegeticOcto the Arsonist (level 15, 72/72 HPs)
             Began as a Felid Fire Elementalist on May 3, 2020.
             Was the Champion of Vehumet.
             Quit the game on level 3 of the Snake Pit on May 11, 2020.
             The game lasted 02:44:16 (43935 turns).

EnegeticOcto the Arsonist (FeFE)                   Turns: 43935, Time: 02:44:16

Health: 72/72      AC:  3    Str:  4    XL:     15   Next: 3%
Magic:  30/30      EV: 28    Int: 23    God:    Vehumet [******]
Gold:   1761       SH:  0    Dex: 17    Spells: 0/34 levels left
                                        Lives:  0   Deaths: 4

rFire    + . .     SeeInvis +   (weapon unavailable)
rCold    . . .     Gourm    .   (shield unavailable)
rNeg     . . .     Faith    .   (armour unavailable)
rPois    .         Spirit   .   (helmet unavailable)
rElec    .         Reflect  .   (cloak unavailable)
rCorr    .         Harm     .   (gloves unavailable)
MR       ++...                  (boots unavailable)
Stlth    +++++.....             A - amulet of magic regeneration
HPRegen  0.22/turn              l - ring of fire
MPRegen  0.47/turn              f - ring of stealth

@: quick
A: very small, no armour, no weapons or thrown items, stealth, claws 1, fangs 3,
see invisible, carnivore, speed 1, shaggy fur 3, slow metabolism 1, sharp paws
a: Renounce Religion


You were on level 3 of the Snake Pit.
You worshipped Vehumet.
Vehumet was exalted by your worship.
You were not hungry.

You visited 6 branches of the dungeon, and saw 30 of its levels.

You collected 4415 gold pieces.
You spent 2654 gold pieces at shops.

Inventory:

Jewellery
 f - a ring of stealth (right paw)
 j - an uncursed ring of protection from fire
 l - a ring of fire (left paw)
 s - an uncursed ring of resist corrosion
 v - an uncursed amulet of the acrobat
 A - an amulet of magic regeneration (around neck)
 D - an uncursed ring of poison resistance
 P - an uncursed ring of protection from cold
 U - an uncursed ring of wizardry
 W - an uncursed ring of protection from magic
 Z - the ring of Odutan {*Tele rElec rC+ Str+2}
   (You found it on level 2 of the Lair of Beasts)

   [ring of teleportation]

   It may teleport you next to monsters.
   It affects your strength (+2).
   It protects you from cold.
   It insulates you from electricity.
Wands
 m - a wand of random effects (32)
 x - a wand of clouds (10)
 z - a wand of polymorph (10)
 F - a wand of acid (5) {@v1}
 H - a wand of digging (5) {@v3}
 I - a wand of paralysis (24)
 J - a wand of flame (38) {@v4}
 R - a wand of iceblast (15) {@v2}
Scrolls
 b - 12 scrolls of remove curse {@r2}
 i - 3 scrolls of immolation
 n - 16 scrolls of teleportation {@r3 !r}
 o - 3 scrolls of vulnerability
 t - 4 scrolls of fog {!r}
 y - 4 scrolls of magic mapping {@r5 !r}
 L - 2 scrolls of holy word
 S - 2 scrolls of blinking {@r4}
 X - a scroll of summoning
 Y - 2 scrolls of fear {!r}
Potions
 d - 8 potions of brilliance
 g - 6 potions of flight
 h - 2 potions of haste {@q4 !q}
 k - 2 potions of cancellation
 p - 14 potions of curing {@q1 !q}
 q - 5 potions of heal wounds {@q2 !q}
 r - 4 potions of mutation
 u - 2 potions of ambrosia
 w - 4 potions of might {@q3 !q}
 B - 2 potions of magic
 C - 2 potions of invisibility
 E - a potion of berserk rage
 K - a potion of resistance
 O - a potion of stabbing {@q5 !q}
 Q - 4 potions of lignification {@q6}
Miscellaneous
 c - a lightning rod (4/4)
 G - 3 boxes of beasts
 M - a phial of floods
 T - a tin of tremorstones
Comestibles
 e - 52 rations


   Skills:
 - Level 12.0 Fighting
 - Level 12.0 Dodging
 - Level 8.0 Stealth
 - Level 10.0 Spellcasting
 - Level 10.0 Conjurations
 - Level 10.0 Hexes
 - Level 5.0 Transmutations
 + Level 14.0 Fire Magic
 - Level 8.0 Ice Magic
 - Level 10.0 Earth Magic
 - Level 8.0 Evocations


You couldn't memorise any spells.
You knew the following spells:

 Your Spells              Type           Power        Failure   Level  Hunger
a - Iron Shot             Conj/Erth      ######....   4%          6    ######.
b - Bolt of Magma         Conj/Fire/Erth #######...   1%          5    ####...
c - Frozen Ramparts       Ice            #####.       1%          3    None
d - Inner Flame           Hex/Fire       #######.     1%          3    None
e - Tukima's Dance        Hex            ######..     1%          3    None
f - Fireball              Conj/Fire      #######...   1%          5    ####...
g - Ice Form              Ice/Tmut       #####...     3%          4    #......
h - Foxfire               Conj/Fire      ####         1%          1    None
i - Sticky Flame          Conj/Fire      #######.     1%          4    #......

Your spell library contained the following spells:

 Spells                   Type           Power        Failure   Level  Hunger
 Spellforged Servitor     Conj/Summ      ####......   80%         7    #######
 Corona                   Hex            ######.      1%          1    None
 Sandblast                Erth           ######       1%          1    None
 Sting                    Tmut/Pois      ###.         1%          1    None
 Ensorcelled Hibernation  Hex/Ice        ######       1%          2    None
 Passwall                 Tmut/Erth      #####...     1%          2    None
 Slow                     Hex            ######..     1%          2    None
 Conjure Flame            Conj/Fire      #######.     1%          3    None
 Ignite Poison            Fire/Tmut/Pois ######..     1%          3    None
 Mephitic Cloud           Conj/Pois/Air  ####....     1%          3    None
 Stone Arrow              Conj/Erth      ######       1%          3    None
 Cause Fear               Hex            ######....   1%          4    #......
 Hailstorm                Conj/Ice       ######..     1%          4    #......
 Leda's Liquefaction      Hex/Erth       ######....   1%          4    #......
 Lee's Rapid Deconstruct  Erth           ######....   1%          5    ####...
 Petrify                  Tmut/Erth      #####...     2%          4    #......
 Animate Skeleton         Necr           N/A          5%          1    None
 Apportation              Tloc           ##....       5%          1    None
 Pain                     Necr           ##..         5%          1    None
 Summon Butterflies       Summ           ##......     5%          1    None
 Poisonous Vapours        Pois/Air       ##....       9%          2    None
 Invisibility             Hex            ######..     14%         6    ######.
 Olgreb's Toxic Radiance  Pois           ##......     16%         4    #......
 Lesser Beckoning         Tloc           ##........   17%         3    None
 Vampiric Draining        Necr           ##........   17%         3    None
 Animate Dead             Necr           N/A          50%         4    #......
 Alistair's Intoxication  Tmut/Pois      ###.....     50%         5    ####...
 Agony                    Necr           ##......     83%         5    ####...
 Portal Projectile        Hex/Tloc       Unusable     N/A         3    N/A

Dungeon Overview and Level Annotations

Branches:
Dungeon (15/15)            Temple (1/1) D:7            Lair (6/6) D:8
 Shoals (3/4) Lair:4        Snake (3/4) Lair:2        Slime (0/5) Lair:5
    Orc (2/2) D:11            Elf (0/3) Orc:2        Vaults (0/5) D:14
 Depths (0/5) D:15

Altars:
Ashenzari
Dithmenos
Elyvilon
Fedhas
Hepliaklqana
Kikubaaqudgha
Makhleb
Nemelex Xobeh
Qazlal
Ru
Sif Muna
Trog
Uskayaw
Vehumet
Wu Jian
Xom
Zin
Beogh

Shops:
D:7 %   D:9 [   D:12 %   D:14 *   Orc:2 }*?([   Shoals:3 *

Annotations:
D:10 exclusion: obsidian statue
D:12 1 runed translucent door, Rezaphur's ghost, journeyman DrCj
D:14 2 transporters
Snake:3 Aizul


Innate Abilities, Weirdness & Mutations

You cannot wear armour.
You are incapable of wielding weapons or throwing items.
Your paws allow you to move quietly. (Stealth)
You have sharp claws.
You have razor-sharp teeth.
You have supernaturally acute eyesight. (SInv)
You are carnivorous and can eat meat at any time.
You cover ground quickly.
Your thick and shaggy fur keeps you warm. (AC +3, rC+)
You have a slow metabolism.
Your sharp claws are effective at attacking unaware monsters.


Message History

Aim: a naga sharpshooter, wielding a +0 flail of protection, wearing a +0 robe and quivering 21 bolts You feel a surge of power!
The bolt of magma hits Aizul!!
Aizul is lightly wounded.
You feel sick.
Casting: Bolt of Magma (mildly dangerous; 1% risk of failure)
Confirm with . or Enter, or press ? or * to list all spells.
Aiming: Bolt of Magma (mildly dangerous; 1% risk of failure)
Press: ? - help, Shift-Dir - straight line, f/p - naga sharpshooter
Aim: a naga sharpshooter, wielding a +0 flail of protection, wearing a +0 robe and quivering 21 bolts You feel a surge of power!
The bolt of magma hits Aizul!!!
Aizul is heavily wounded.
The bolt of magma hits the naga sharpshooter.
The naga sharpshooter is lightly wounded.
You feel sick.
The naga sharpshooter unwields a +0 flail of protection.
The naga sharpshooter wields a +0 arbalest.
The naga sharpshooter shoots a bolt.
The bolt misses you.
Casting: Bolt of Magma (mildly dangerous; 1% risk of failure)
Confirm with . or Enter, or press ? or * to list all spells.
Aiming: Bolt of Magma (mildly dangerous; 1% risk of failure)
Press: ? - help, Shift-Dir - straight line, f/p - naga sharpshooter
Aim: a naga sharpshooter, wielding a +0 arbalest, wearing a +0 robe and quivering 20 bolts (lightly wounded)
You feel a surge of power!
The bolt of magma hits the naga sharpshooter!!
The naga sharpshooter is heavily wounded.
You feel sick.
Casting: Bolt of Magma (mildly dangerous; 1% risk of failure)
Confirm with . or Enter, or press ? or * to list all spells.
Aiming: Bolt of Magma (mildly dangerous; 1% risk of failure)
Press: ? - help, Shift-Dir - straight line, f/p - naga sharpshooter
Aim: a naga sharpshooter, wielding a +0 arbalest, wearing a +0 robe and quivering 20 bolts (heavily wounded)
You feel a surge of power!
The bolt of magma hits the naga sharpshooter!!!
The naga sharpshooter is almost dead.
You feel sick.
Casting: Bolt of Magma (mildly dangerous; 1% risk of failure)
Confirm with . or Enter, or press ? or * to list all spells.
You don't have enough magic to cast that spell.
Unknown command.
Evoke which item? (* to show all) (? for menu, Esc to quit)
Aiming: Corrosive Bolt
Press: ? - help, Shift-Dir - straight line, f/p - naga sharpshooter
Aim: a naga sharpshooter, wielding a +0 arbalest, wearing a +0 robe and quivering 20 bolts (almost dead)
The bolt of acid hits Aizul!
Aizul is splashed with acid.
The acid corrodes Aizul!
Aizul is heavily wounded.
The bolt of acid hits the naga sharpshooter!!
The naga sharpshooter is splashed with acid.
The acid corrodes the naga sharpshooter!
You kill the naga sharpshooter!
Vehumet accepts your kill.
You feel sick.
The wall freezes Aizul.
Aizul casts a spell at you. You resist with some effort.
The wall freezes Aizul.
Aizul hits you!
Evoke which item? (* to show all) (? for menu, Esc to quit)
Aiming: Corrosive Bolt
Press: ? - help, Shift-Dir - straight line, f - Aizul
Aim: Aizul (heavily wounded, covered in acid)
The bolt of acid misses Aizul.
You feel sick.
The wall freezes Aizul!
Aizul casts a spell at you. You resist with some effort.
Evoke which item? (* to show all) (? for menu, Esc to quit)
Aiming: Corrosive Bolt
Press: ? - help, Shift-Dir - straight line, f/p - Aizul
Aim: Aizul (heavily wounded, covered in acid)
The bolt of acid misses Aizul.
You feel sick.
The wall freezes Aizul.
Aizul coils herself and waves her upper body at you.
You fall asleep.
The wall freezes Aizul.
Aizul coils herself and waves her upper body at you.
The bolt of poison misses you.
The wall freezes Aizul!
Aizul hits you!!
You wake up.
* * * LOW HITPOINT WARNING * * *
Evoke which item? (* to show all) (? for menu, Esc to quit)
Aiming: Corrosive Bolt
Press: ? - help, Shift-Dir - straight line, f/p - Aizul
Aim: Aizul (severely wounded, covered in acid)
The bolt of acid misses Aizul.
You feel sick.
The wall freezes Aizul.
Aizul hits you.
* * * LOW HITPOINT WARNING * * *
A guardian serpent comes into view.
The wall freezes Aizul.
Aizul yawns, and then pretends she didn't.
Aizul misses you.
Evoke which item? (* to show all) (? for menu, Esc to quit)
Aiming: Corrosive Bolt
Press: ? - help, Shift-Dir - straight line, f/p - Aizul
Aim: Aizul (severely wounded, covered in acid)
The bolt of acid hits Aizul!!
Aizul is splashed with acid.
Aizul seems to be corroded for longer.
Aizul is almost dead.
The guardian serpent shouts!
You feel sick.
The wall freezes Aizul.
Aizul hits you!
You die...
Your shape twists and changes as you die.
You are now level 15!
You warm up again.
You rejoin the land of the living...
Found a stone staircase leading down.
Are you sure you want to abandon this character and quit the game? (Confirm with "yes".)

. .. ####.##. #.
#..##. .... #..###
##.. ##..### .
#..... #...... >..
#.... #.##..## ...#
#..S...# ##..#
#..#####....#. #...
#.@......### #...
##.####.#..## #...
##...###..##.####...
#......#(####.##....
..#..).S## ##...###
..###....# ###.#####
..#
##..#####...###..
##. #.......[......#
........###..###


There were no monsters in sight!

Vanquished Creatures
  2 nagarajas
  Ilsuiw (Shoals:3)
  An orc warlord (Orc:2)
  Louise (Shoals:1)
  Azrael (D:15)
  3 merfolk javelineers
  An ettin (D:15)
  7 merfolk impalers
  5 naga warriors
  Fannar (Lair:1)
  Erolcha (D:13)
  6 merfolk avatars
  9 anacondas
  5 two-headed ogres
  The ghost of Del Deyl the Reanimator, a journeyman DDNe of Sif Muna (Lair:2)
  3 centaur warriors
  6 hydras
  A merfolk aquamancer (Shoals:2)
  A tengu warrior (D:15)
  2 satyrs
  8 shock serpents
  An orc high priest (Orc:2)
  5 naga sharpshooters
  A hell knight (D:15)
  Nergalle (Lair:4)
  A flayed ghost (D:9)
  A salamander mystic (Snake:3)
  10 sea snakes
  An unseen horror (D:11)
  4 naga ritualists
  2 orc knights
  9 mana vipers
  An oklob plant (Snake:2)
  3 harpies (Shoals:1)
  The ghost of Duffy the Blocker, a novice FoFi of Cheibriados (D:7)
  3 orc sorcerers (Orc:2)
  2 ugly things
  15 manticores
  4 cyclopes (Shoals:3)
  3 elephants (Lair:4)
  4 salamanders
  2 fauns (Shoals:1)
  24 black mambas
  2 molten gargoyles (Lair:4)
  7 naga magi
  10 merfolk sirens
  Joseph (D:8)
  2 guardian serpents
  3 water nymphs
  18 spiny frogs
  A gargoyle (D:15)
  2 rime drakes
  A torpor snail (Lair:4)
  2 komodo dragons (Lair:2)
  A yaktaur (D:15)
  An efreet (D:14)
  A freezing wraith (D:14)
  A tengu conjurer (D:15)
  5 tyrant leeches (Lair:6)
  A jumping spider (shapeshifter) (D:14)
  A queen bee (Lair:2)
  2 trolls
  17 merfolk
  4 polar bears
  A hornet (Lair:2)
  Grinder (D:4)
  6 hippogriffs
  A harpy skeleton (D:15)
  5 wind drakes
  7 snapping turtles
  25 blink frogs
  9 slime creatures
  5 dream sheep
  A hippogriff (shapeshifter) (D:14)
  3 shadows
  5 water elementals
  A spriggan (D:10)
  7 wyverns
  4 fire elementals (D:15)
  7 wraiths
  A basilisk (Lair:4)
  13 fire bats (D:9)
  A hog (shapeshifter) (D:14)
  21 yaks
  4 hungry ghosts
  8 vampire mosquitoes
  15 nagas
  A soldier ant (D:14)
  2 wargs
  12 water moccasins
  2 hell hounds (D:15)
  10 porcupines
  23 orc warriors
  3 ice beasts
  3 sky beasts
  2 black bears (D:8)
  An eye of draining (D:10)
  A necrophage (D:11)
  9 ogres
  7 phantoms
  5 wolves (Lair:4)
  8 crocodiles
  14 centaurs
  2 big kobolds (D:8)
  17 bullfrogs
  A gnoll sergeant (D:6)
  A wyvern skeleton (D:7)
  3 scorpions
  A troll zombie (D:11)
  10 killer bees
  3 electric eels
  A howler monkey (D:8)
  4 crimson imps
  A quasit (D:6)
  12 lava snakes
  4 centaur zombies
  3 bullfrog zombies
  2 centaur skeletons
  13 jellies
  7 hounds
  21 orc priests
  3 iguanas
  32 orc wizards
  3 bullfrog skeletons
  11 worker ants
  7 ogre zombies (D:11)
  A hound skeleton (D:11)
  17 gnolls
  A howler monkey skeleton (D:11)
  14 adders
  3 shadow imps
  13 oozes
  An adder skeleton (D:4)
  3 worms
  2 dart slugs
  7 leopard geckos
  97 orcs
  9 giant cockroaches
  11 goblins
  5 hobgoblins
  12 jackals
  3 quokkas
  3 ball pythons
  78 bats
  3 frilled lizards
  A goblin skeleton (D:11)
  3 goblin zombies (D:11)
  2 hobgoblin skeletons (D:11)
  6 hobgoblin zombies (D:11)
  20 kobolds
  A leopard gecko skeleton (D:3)
  A leopard gecko zombie (D:5)
  4 orc skeletons (D:11)
  8 orc zombies (D:11)
  A quokka skeleton (D:6)
  8 rats
  2 fungi
  7 plants
1010 creatures vanquished.

Vanquished Creatures (collateral kills)
  A salamander (Snake:3)
  An orc (D:8)
  An orc zombie (D:11)
3 creatures vanquished.

Vanquished Creatures (others)
  A dancing weapon (D:10)
  2388 foxfires
  58 fungi
  60 plants
2507 creatures vanquished.

Grand Total: 3520 creatures vanquished

Notes
Turn   | Place    | Note
-------+----------+-------------------------------------------
     0 | D:1      | EnegeticOcto the Felid Fire Elementalist began the quest
                  | for the Orb.
     0 | D:1      | Reached XP level 1. HP: 7/7 MP: 4/4
   130 | D:1      | Reached skill level 1 in Conjurations
   445 | D:1      | Reached XP level 2. HP: 11/11 MP: 3/6
  1254 | D:2      | Reached skill level 1 in Fighting
  1525 | D:2      | Reached skill level 3 in Fire Magic
  1525 | D:2      | Reached XP level 3. HP: 15/15 MP: 4/7
  1587 | D:2      | Learned a level 3 spell: Inner Flame
  2028 | D:3      | Reached skill level 1 in Hexes
  2138 | D:3      | Reached XP level 4. HP: 19/19 MP: 5/8
  2355 | D:3      | Found an ancient bone altar of Kikubaaqudgha.
  2438 | D:3      | Found a shattered altar of Ashenzari.
  2818 | D:3      | Noticed a bullfrog
  2829 | D:3      | Killed a bullfrog
  2829 | D:3      | Reached XP level 5. HP: 16/22 MP: 2/9
  3219 | D:3      | Learned a level 3 spell: Conjure Flame
  3351 | D:3      | Found a white marble altar of Elyvilon.
  3420 | D:3      | Reached skill level 5 in Hexes
  3870 | D:4      | Gained mutation: You are covered in thick fur. (AC +2)
                  | [Felid growth]
  3870 | D:4      | Reached XP level 6. HP: 25/25 MP: 4/10
  4328 | D:4      | Noticed Grinder
  4463 | D:5      | Entered Level 5 of the Dungeon
  5294 | D:5      | Reached skill level 4 in Fire Magic
  5469 | D:6      | Reached XP level 7. HP: 21/30 MP: 3/12
  5483 | D:6      | HP: 1/30 [shot self (21)]
  5483 | D:6      | Slain by a quasit
  5484 | D:6      | Reached XP level 6. HP: 0/26 MP: 4/11
  5484 | D:6      | Found a sacrificial altar of Ru.
  5489 | D:6      | Found a glowing silver altar of Zin.
  5489 | D:6      | Found a bloodstained altar of Trog.
  5739 | D:6      | Learned a level 4 spell: Sticky Flame
  5765 | D:6      | Found a hazy altar of Hepliaklqana.
  5820 | D:6      | Noticed an orc warrior
  6499 | D:6      | Found a radiant altar of Vehumet.
  6511 | D:6      | Became a worshipper of Vehumet
  6599 | D:6      | Killed an orc warrior
  6599 | D:6      | Reached XP level 7. HP: 31/31 MP: 0/12
  7015 | D:7      | Found Cogri's Food Shoppe.
  7025 | D:7      | Reached skill level 5 in Fire Magic
  7088 | D:7      | Noticed a hungry ghost
  7114 | D:6      | Killed a hungry ghost
  7114 | D:6      | Reached skill level 5 in Conjurations
  7925 | D:7      | Reached XP level 8. HP: 34/34 MP: 8/13
  8038 | D:7      | Reached skill level 6 in Fire Magic
  8325 | D:7      | Found a shimmering altar of Xom.
  8718 | D:7      | Reached skill level 5 in Dodging
  8733 | D:7      | Noticed a hippogriff
  8751 | D:7      | Killed a hippogriff
  8984 | D:7      | Found a runed translucent door.
  8984 | D:7      | Noticed Duffy's ghost (novice FoFi)
  9050 | D:7      | Found a staircase to the Ecumenical Temple.
  9060 | Temple   | Entered the Ecumenical Temple
 10100 | D:8      | Reached skill level 7 in Fire Magic
 10156 | D:8      | Noticed Joseph
 10286 | D:8      | Reached XP level 9. HP: 37/37 MP: 11/15
 10291 | D:8      | Learned a level 3 spell: Tukima's Dance
 10453 | D:8      | Reached skill level 5 in Spellcasting
 10780 | D:8      | Found a staircase to the Lair.
 10786 | D:8      | Reached * piety under Vehumet
 10786 | D:8      | Offered knowledge of Magic Dart by Vehumet.
 10849 | D:8      | Reached skill level 5 in Stealth
 11003 | D:8      | Killed Joseph
 11726 | D:8      | Reached skill level 5 in Fighting
 12131 | D:9      | Noticed a two-headed ogre
 12150 | D:8      | Reached XP level 10. HP: 40/44 MP: 14/18
 12540 | D:9      | Killed a two-headed ogre
 13029 | D:9      | Reached ** piety under Vehumet
 13029 | D:9      | Offered knowledge of Searing Ray by Vehumet.
 13117 | D:9      | Learned a level 2 spell: Searing Ray
 13260 | D:9      | Found Keathrif's Antique Armour Emporium.
 13446 | D:9      | Reached skill level 1 in Evocations
 13676 | D:9      | Offered knowledge of Frozen Ramparts by Vehumet.
 13691 | D:9      | Learned a level 3 spell: Frozen Ramparts
 13697 | D:9      | Reached *** piety under Vehumet
 13700 | D:9      | Reached skill level 1 in Ice Magic
 13760 | D:9      | Found a burning altar of Makhleb.
 13762 | D:9      | Offered knowledge of Olgreb's Toxic Radiance by Vehumet.
 13935 | D:9      | Found a runed translucent door.
 13940 | D:9      | Found a shadowy altar of Dithmenos.
 13940 | D:9      | Found a bloodstained altar of Trog.
 13952 | D:9      | Noticed a flayed ghost
 13963 | D:9      | Found an ornate altar of the Wu Jian Council.
 13976 | D:9      | Found a stormy altar of Qazlal.
 14125 | D:9      | Found an ancient bone altar of Kikubaaqudgha.
 14450 | D:7      | Killed Duffy's ghost
 14450 | D:7      | Reached XP level 11. HP: 47/47 MP: 19/19
 14871 | D:5      | Found a shimmering blue altar of Sif Muna.
 14950 | D:5      | Reached **** piety under Vehumet
 15213 | D:9      | Killed a flayed ghost
 15213 | D:9      | Reached skill level 10 in Hexes
 15245 | D:9      | Got a sapphire double sword
 15299 | D:10     | Entered Level 10 of the Dungeon
 15335 | D:10     | Offered knowledge of Stone Arrow by Vehumet.
 15578 | D:10     | Reached skill level 5 in Ice Magic
 15645 | D:10     | Noticed a two-headed ogre
 15658 | D:10     | Killed a two-headed ogre
 15713 | D:10     | Noticed an obsidian statue
 16251 | D:10     | Identified 2 scrolls of acquirement
 16251 | D:10     | Identified the ring "Dosots" {rF- rN+ MR- Str+8 Int+5} (You
                  | acquired it on level 10 of the Dungeon)
 16251 | D:10     | Identified Sif Muna's Almanac of Bewitching Necromancy (You
                  | acquired it on level 10 of the Dungeon)
 16253 | D:10     | Identified Alal's Compendium of the Entrancing Snowflakes
                  | (You acquired it on level 10 of the Dungeon)
 16309 | Lair:1   | Entered Level 1 of the Lair of Beasts
 17115 | Lair:1   | Noticed Fannar
 17341 | Lair:2   | Killed from afar by a black mamba
 17342 | Lair:2   | Reached XP level 10. HP: -7/44 MP: 14/18
 17360 | Lair:2   | Found a transporter.
 17370 | Lair:2   | Found a transporter.
 17370 | Lair:2   | Noticed Del Deyl's ghost (journeyman DDNe)
 17382 | Lair:2   | Noticed a four-headed hydra
 17404 | Lair:2   | Killed a four-headed hydra
 17686 | Lair:2   | Reached XP level 11. HP: 38/48 MP: 11/19
 17766 | Lair:2   | Found a staircase to the Snake Pit.
 19046 | Lair:3   | Noticed a four-headed hydra
 19054 | Lair:3   | Killed a four-headed hydra
 19294 | Lair:3   | Reached skill level 8 in Fire Magic
 19294 | Lair:3   | Gained mutation: Your thick and shaggy fur keeps you warm.
                  | (AC +3, rC+) [Felid growth]
 19294 | Lair:3   | Reached XP level 12. HP: 56/56 MP: 20/20
 19363 | Lair:4   | Found a staircase to the Shoals.
 19381 | Lair:4   | Noticed Nergalle
 19592 | Lair:4   | Killed Nergalle
 20398 | Lair:4   | Learned a level 5 spell: Fireball
 20767 | Lair:4   | Reached ***** piety under Vehumet
 20828 | Lair:5   | Offered knowledge of Irradiate by Vehumet.
 20998 | Lair:5   | Reached skill level 9 in Fire Magic
 21344 | Lair:5   | Reached XP level 13. HP: 60/60 MP: 22/26
 21538 | Lair:5   | Found a staircase to the Slime Pits.
 21875 | Lair:5   | Identified the +7 double sword of the Four Stories {flame,
                  | Dex+3} (You found it on level 9 of the Dungeon)
 21901 | Lair:6   | Entered Level 6 of the Lair of Beasts
 22230 | Lair:6   | Reached skill level 10 in Fire Magic
 22808 | Lair:6   | Reached skill level 10 in Conjurations
 23256 | Lair:6   | Offered knowledge of Bolt of Magma by Vehumet.
 23278 | Lair:6   | Learned a level 5 spell: Bolt of Magma
 23692 | Lair:6   | Identified Nemier's Almanac of Glacial Flames
 24109 | D:4      | Killed Grinder
 24785 | D:11     | Upgraded the game from 0.25-a0-927-g39f137c8b7 to
                  | 0.25-a0-949-gdd2af9e06e
 24820 | D:11     | Reached skill level 1 in Earth Magic
 25204 | D:11     | Found a staircase to the Orcish Mines.
 25392 | D:11     | Offered knowledge of Iskenderun's Battlesphere by Vehumet.
 25772 | D:12     | Found Ninnust's Food Shop.
 26257 | D:12     | Found a runed translucent door.
 26279 | D:12     | Noticed Rezaphur's ghost (journeyman DrCj)
 26317 | D:12     | Reached XP level 14. HP: 64/64 MP: 24/28
 26749 | D:13     | Noticed Erolcha
 26752 | D:13     | Killed Erolcha
 27653 | D:14     | Found a transporter.
 27655 | D:14     | Noticed a tengu reaver
 27712 | D:14     | Found Oqidiyne's Assorted Antiques.
 28005 | D:14     | Found a hide-covered altar of Uskayaw.
 28114 | D:14     | Reached skill level 10 in Spellcasting
 28338 | D:14     | Found a transporter.
 28396 | D:14     | Found a gate to the Vaults.
 28398 | D:14     | Reached skill level 5 in Earth Magic
 28399 | D:14     | Offered knowledge of Orb of Destruction by Vehumet.
 28741 | D:15     | Entered Level 15 of the Dungeon
 28851 | D:15     | Noticed Azrael
 28862 | D:15     | Killed Azrael
 29211 | D:15     | Reached skill level 11 in Fire Magic
 29215 | D:15     | Reached skill level 10 in Dodging
 29910 | D:15     | Found a staircase to the Depths.
 30224 | Orc:1    | Entered Level 1 of the Orcish Mines
 30756 | Orc:2    | Entered Level 2 of the Orcish Mines
 30756 | Orc:2    | Found a staircase to the Elven Halls.
 31205 | Orc:2    | Found Gikloong's Gadget Shop.
 31329 | Orc:2    | Found a roughly hewn altar of Beogh.
 31332 | Orc:2    | Found Taga's Assorted Antiques.
 31582 | Orc:2    | Offered knowledge of Iron Shot by Vehumet.
 31607 | Orc:2    | Learned a level 6 spell: Iron Shot
 31761 | Orc:2    | Found a roughly hewn altar of Beogh.
 31779 | Orc:2    | Found Uzexzein's Magic Scroll Shop.
 32044 | Orc:2    | Noticed an orc warlord
 32368 | Orc:2    | Found a roughly hewn altar of Beogh.
 32430 | Orc:2    | Killed an orc warlord
 32629 | Orc:2    | Found a roughly hewn altar of Beogh.
 32831 | Orc:2    | Found Giusalut's Antique Weapon Shoppe.
 32832 | Orc:2    | Found a roughly hewn altar of Beogh.
 32836 | Orc:2    | Found Gimiqy's Antique Armour Emporium.
 32999 | Orc:2    | Found a roughly hewn altar of Beogh.
 33028 | Orc:2    | Bought a scroll of teleportation for 42 gold pieces
 33028 | Orc:2    | Bought a scroll of acquirement for 728 gold pieces
 33028 | Orc:2    | Bought a scroll of fog for 28 gold pieces
 33028 | Orc:2    | Bought a scroll of summoning for 133 gold pieces
 33028 | Orc:2    | Bought a scroll of fear for 49 gold pieces
 33028 | Orc:2    | Identified the Reference Book on the Mutagenic Glacier (You
                  | acquired it on level 2 of the Orcish Mines)
 33089 | Orc:2    | Bought a potion of curing for 60 gold pieces
 33110 | Orc:2    | Bought a box of beasts for 300 gold pieces
 33110 | Orc:2    | Bought a wand of paralysis (5) for 105 gold pieces
 33110 | Orc:2    | Bought a wand of clouds (8) for 540 gold pieces
 33110 | Orc:2    | Bought a box of beasts for 300 gold pieces
 33110 | Orc:2    | Bought a wand of flame (23) for 187 gold pieces
 33385 | Shoals:1 | Entered Level 1 of the Shoals
 33942 | Lair:2   | Reached skill level 5 in Evocations
 33952 | Lair:2   | Killed Del Deyl's ghost
 34087 | Lair:2   | Got a faintly glowing silver ring
 34101 | Lair:2   | Identified the ring of Odutan {*Tele rElec rC+ Str+2} (You
                  | found it on level 2 of the Lair of Beasts)
 34113 | Lair:2   | Upgraded the game from 0.25-a0-949-gdd2af9e06e to
                  | 0.25-a0-972-g74ed164fb1
 34135 | Lair:1   | Killed Fannar
 34135 | Lair:1   | Reached XP level 15. HP: 67/67 MP: 9/30
 34192 | Lair:1   | Learned a level 4 spell: Ice Form
 34287 | Shoals:1 | Reached skill level 1 in Transmutations
 34448 | Shoals:1 | Noticed Louise
 34456 | Shoals:1 | Killed Louise
 35155 | Shoals:1 | Reached ****** piety under Vehumet
 35180 | Shoals:1 | Offered knowledge of Ozocubu's Refrigeration by Vehumet.
 35449 | Shoals:1 | Reached skill level 5 in Transmutations
 37229 | Shoals:3 | Found Utuesk's Assorted Antiques.
 38217 | Shoals:3 | Reached skill level 10 in Earth Magic
 38219 | Shoals:3 | Reached XP level 16. HP: 47/72 MP: 18/31
 38339 | Shoals:3 | Noticed Ilsuiw
 38354 | Shoals:3 | Reached skill level 12 in Fire Magic
 38358 | Shoals:3 | Killed Ilsuiw
 38766 | Shoals:3 | Bought a scroll of fog for 52 gold pieces
 38766 | Shoals:3 | Bought a potion of heal wounds for 130 gold pieces
 38864 | Snake:1  | Entered Level 1 of the Snake Pit
 39496 | Snake:1  | Reached skill level 10 in Fighting
 39579 | Snake:1  | Offered knowledge of Spellforged Servitor by Vehumet.
 40976 | Snake:2  | Found a sparkling altar of Nemelex Xobeh.
 40985 | Snake:2  | Reached skill level 13 in Fire Magic
 43238 | Snake:3  | Upgraded the game from 0.25-a0-972-g74ed164fb1 to
                  | 0.25-a0-1002-gbcf8c60d55
 43705 | Snake:3  | Reached XP level 17. HP: 79/79 MP: 28/32
 43866 | Snake:3  | Killed themself with a badly aimed burst of rock shards
 43867 | Snake:3  | Reached XP level 16. HP: -14/91 MP: 31/31
 43920 | Snake:3  | Noticed Aizul
 43921 | Snake:3  | Reached skill level 14 in Fire Magic
 43934 | Snake:3  | Slain by Aizul
 43935 | Snake:3  | Reached XP level 15. HP: -2/86 MP: 3/30
 43935 | Snake:3  | Quit the game

Illustrated notes

Levels and vault maps discovered:
D:1:      minmay_arrival_cross, layout_basic, glass_columns_c, st_stairs_9
D:2:      layout_basic
D:3:      layout_loops_ring, kiku_gazebo_garden_becter, elyvilon_altar_5,
          lemuel_doored_altar, gup_sewer_entry_pipe
D:4:      layout_gridville, first_ration, uniq_grinder
D:5:      layout_rooms, lemuel_blue_sif_altar
D:6:      layout_rooms, vehumet_crystals, minitemple,
          lemuel_coloured_pillars_altar, minmay_misc_feat_square,
          hangedman_decor_lopped, roderic_batcave
D:7:      layout_basic, minmay_temple_entry_slanted, basic_altar, serial_shops,
          shop, gammafunk_ghost_grave
D:8:      layout_basic, due_lair_maze_entry_diamond, uniq_joseph
D:9:      due_megacathedral, layout_rooms, serial_shops, shop, abandoned_shop
D:10:     layout_loops_ring, grunt_pizzeria, minmay_misc_feat_enclosed,
          minmay_protected_statue
D:11:     layout_rooms, zombieorc2_lemuel
D:12:     layout_rooms, serial_shops, shop, gammafunk_ghost_grave
D:13:     lemuel_slime, layout_basic, kennysheep_generic_room_6, uniq_erolcha
D:14:     gammafunk_sealed_arena, layout_basic, david_vaults_2, serial_shops,
          nicolae_shop_overgrown_old_shop, basic_altar
D:15:     hangedman_depths_entry_civil_slaughter, layout_basic,
          minmay_misc_feat_four_crosses, due_unseen_surprise, uniq_azrael
Temple:   dshaligram_water_room_temple
Lair:1:   layout_regular_city, uniq_fannar
Lair:2:   layout_regular_city, minmay_snake_entry_guardpost_small,
          gammafunk_ghost_hive, serial_bayou_lagoon_b
Lair:3:   layout_cellular_growth
Lair:4:   cheibrodos_magma_flow, layout_gridlike, elwin_shoals_entry_rocks,
          uniq_nergalle
Lair:5:   layout_regular_city, dpeg_slime_entry_corner
Lair:6:   minmay_lair_end_frog_pond, layout_long_grid
Shoals:1: layout_shoals, nicolae_shoals_stone_sculpture_thing,
          nicolae_shoals_square_sea_wall, uniq_louise
Shoals:2: cheibrodos_shoals_roost, layout_shoals
Shoals:3: layout_shoals, serial_shops, nicolae_shop_waterfront,
          hangedman_shoals_cup_caves, uniq_ilsuiw
Snake:1:  layout_rooms, nicolae_snake_lava_pool
Snake:2:  layout_chambers, lemuel_oklob_altar
Snake:3:  layout_chambers, st_stairs_7, grunt_ministairs_5, uniq_aizul
Orc:1:    layout_diamond_mine
Orc:2:    grunt_orc_community_town_hall, layout_diamond_mine,
          grunt_orc_community_big_house_2, grunt_orc_community_big_house_2,
          grunt_orc_community_house_3, grunt_orc_community_house_2,
          grunt_orc_community_house_3, grunt_orc_community_house_1,
          grunt_orc_community_house_3, grunt_orc_community_house_1,
          serial_shops, nicolae_shop_behind_doors

Skill      XL: |  1  2  3  4  5  6  7  8  9 10 11 12 13 14 15 16 |
---------------+-------------------------------------------------+-----
Stealth        | 3 4 6 8 |  8.0
Conjurations   | 1 2 3 5 6 8 10 | 10.0
Fighting       | 1 3 5 8 9 12 | 12.0
Fire Magic     | 3 4 5 7 8 9 10 11 14 | 14.0
Hexes          | 1 4 5 8 9 10 | 10.0
Dodging        | 3 4 6 7 8 9 11 12 | 12.0
Spellcasting   | 3 5 8 9 10 | 10.0
Evocations     | 3 4 5 8 |  8.0
Ice Magic      | 8 7 |  8.0
Earth Magic    | 2 5 10 | 10.0
Transmutations | 5 |  5.0

Action                   |  1- 3 |  4- 6 |  7- 9 | 10-12 | 13-15 | 16-18 || total
-------------------------+-------+-------+-------+-------+-------+-------++-------
Melee: Unarmed           |       |     2 |    32 |    15 |    25 |     4 ||    78
       Bite              |       |       |     6 |       |       |       ||     6
 Cast: Foxfire           |    70 |   188 |   188 |   377 |   731 |       ||  1554
       Inner Flame       |       |    16 |    28 |    47 |     7 |       ||    98
       Conjure Flame     |       |     1 |     4 |     4 |       |       ||     9
       Sticky Flame      |       |       |     8 |    41 |    67 |       ||   116
       Tukima's Dance    |       |       |     5 |     6 |     2 |     1 ||    14
       Searing Ray       |       |       |       |    31 |       |       ||    31
       Frozen Ramparts   |       |       |       |    19 |    71 |    15 ||   105
       Fireball          |       |       |       |    10 |   224 |   115 ||   349
       Bolt of Magma     |       |       |       |       |   105 |    38 ||   143
       Ice Form          |       |       |       |       |    15 |    26 ||    41
       Iron Shot         |       |       |       |       |       |    22 ||    22
Evoke: Wand              |       |     4 |    14 |     6 |    24 |    26 ||    74
       Box of beasts     |       |       |       |       |     2 |       ||     2
       Phial of floods   |       |       |       |       |     1 |       ||     1
       Tin of tremorston |       |       |       |       |       |     4 ||     4
       Lightning rod     |       |       |       |       |       |     2 ||     2
  Use: Scroll            |     2 |     6 |     4 |    19 |    14 |     4 ||    49
       Potion            |       |       |     2 |     1 |       |     4 ||     7
 Stab: Sleeping          |       |       |     1 |     1 |     1 |       ||     3
  Eat: Chunk             |    10 |    17 |    20 |    32 |    96 |    30 ||   205
       Ration            |       |       |     1 |       |       |     4 ||     5
Armor: Skin              |       |     4 |    27 |    13 |    12 |    10 ||    66
Dodge: Dodged            |     6 |    28 |   116 |   158 |   268 |    39 ||   615

Table legend:
 A = Non-vault XP
 B = Vault XP
 C = Vault XP percentage of total XP
 D = Non-vault monster count
 E = Vault monster count
 F = Vault count percentage of total count
                 A         B        C        D         E       F
            +---------+---------+-------+---------+---------+-------
      Total |  155082 |   58950 |  27.5 |     716 |     288 |  28.7
            +---------+---------+-------+---------+---------+-------
        D:1 |      22 |       2 |   8.3 |      16 |       2 |  11.1
        D:2 |      39 |       0 |   0.0 |      18 |       0 |   0.0
        D:3 |     239 |      18 |   7.0 |      27 |       8 |  22.9
        D:4 |     263 |     281 |  51.7 |      15 |       1 |   6.2
        D:5 |     483 |       0 |   0.0 |      20 |       0 |   0.0
        D:6 |    1225 |       8 |   0.6 |      36 |       6 |  14.3
        D:7 |    1068 |     556 |  34.2 |      20 |       1 |   4.8
        D:8 |    1600 |    1578 |  49.7 |      42 |      10 |  19.2
        D:9 |    4107 |    1834 |  30.9 |      97 |       6 |   5.8
       D:10 |    3087 |     220 |   6.7 |      19 |       1 |   5.0
       D:11 |    3078 |     531 |  14.7 |      21 |      35 |  62.5
       D:12 |    1346 |     124 |   8.4 |      13 |       1 |   7.1
       D:13 |    2716 |    2171 |  44.4 |      11 |      27 |  71.1
       D:14 |    6074 |     757 |  11.1 |      22 |       3 |  12.0
       D:15 |    4735 |    7459 |  61.2 |      13 |      13 |  50.0
     Temple |       2 |       0 |   0.0 |       1 |       0 |   0.0
     Lair:1 |     816 |     981 |  54.6 |       4 |       1 |  20.0
     Lair:2 |    3776 |    2189 |  36.7 |      12 |      10 |  45.5
     Lair:3 |    3183 |       0 |   0.0 |      14 |       0 |   0.0
     Lair:4 |    6299 |    1931 |  23.5 |      27 |       8 |  22.9
     Lair:5 |    4464 |       0 |   0.0 |      17 |       0 |   0.0
     Lair:6 |    7509 |   12455 |  62.4 |      25 |      45 |  64.3
   Shoals:1 |   18549 |    1601 |   7.9 |      38 |       1 |   2.6
   Shoals:2 |   14424 |    3199 |  18.2 |      25 |       6 |  19.4
   Shoals:3 |    9096 |   12312 |  57.5 |      18 |      18 |  50.0
    Snake:1 |   17151 |     960 |   5.3 |      31 |      11 |  26.2
    Snake:2 |   25250 |     565 |   2.2 |      41 |       1 |   2.4
    Snake:3 |    9781 |    1046 |   9.7 |      14 |       2 |  12.5
      Orc:1 |    1997 |       0 |   0.0 |      27 |       0 |   0.0
      Orc:2 |    2703 |    6172 |  69.5 |      32 |      71 |  68.9
            +---------+---------+-------+---------+---------+-------
